 Dungeon Crawl Stone Soup version 0.17-a0-2073-gde5cdba (webtiles) character file.

612 Ohli the Covered (level 7, -9/61 HPs)
             Began as a Minotaur Fighter on Oct 15, 2015.
             Was a Follower of Dithmenos.
             Mangled by an ogre
             ... wielding a +0 giant club
              (11 damage)
             ... on level 4 of the Dungeon.
             The game lasted 00:15:44 (3422 turns).

Ohli the Covered (Minotaur Fighter)                 Turns: 3422, Time: 00:15:44

Health: -9/61      AC:  7    Str: 22    XL:     7   Next: 20%
Magic:  6/6        EV:  8    Int: 10    God:    Dithmenos [*.....]
Gold:   114        SH: 10    Dex: 10    Spells: 0 memorised, 6 levels left

rFire  + . .     SeeInvis .     a - +1 war axe
rCold  + + .     Clarity  .     b - +0 scale mail
rNeg   . . .     SustAt   .     c - +0 shield
rPois  +         Gourm    .     (helmet restricted)
rElec  +         Spirit   .     (no cloak)
rCorr  +         Warding  .     (no gloves)
rMut   .         Stasis   .     (no boots)
MR     .....                    n - amulet of rage
Stlth  ..........               (no ring)
                                j - ring of protection from cold

@: brilliant, exhausted, resistant, slowed, wreathed by umbra, very slow, not
resistant to hostile enchantments, extremely unstealthy
A: retaliatory headbutt, horns 2
a: Renounce Religion, Evoke Berserk Rage


You were on level 4 of the Dungeon.
You worshipped Dithmenos.
Dithmenos was aware of your devotion.
You were not hungry.

You visited 1 branch of the dungeon, and saw 4 of its levels.

You collected 114 gold pieces.

Inventory:

Hand Weapons
 a - a +1 war axe (weapon)
 s - a +1 mace of holy wrath
Armour
 b - a +0 scale mail (worn)
 c - a +0 shield (worn)
 w - a +0 buckler
Jewellery
 j - a ring of protection from cold (left hand)
 k - an uncursed amulet of clarity
 n - an amulet of rage (around neck)
Wands
 h - a wand of confusion (0)
 l - a wand of confusion (21)
 r - a wand of frost (19)
Scrolls
 f - 2 scrolls of remove curse
 g - a scroll of enchant weapon
 m - 4 scrolls of identify
 o - a scroll of enchant armour
 q - a scroll of fear {unknown}
 u - a scroll of magic mapping {unknown}
Potions
 d - a potion of brilliance
Comestibles
 e - 2 bread rations
 t - 2 meat rations
 v - 4 chunks of flesh


   Skills:
 + Level 5.4 Fighting
 + Level 4.4 Axes
 + Level 6.3 Armour
 + Level 2.0 Dodging
 + Level 1.0 Stealth
 + Level 5.6 Shields
 + Level 0.1 Evocations


You had 6 spell levels left.
You didn't know any spells.

Dungeon Overview and Level Annotations

Branches:
Dungeon (4/15)
 Temple: D:4-7

Altars:
Cheibriados
Dithmenos


Innate Abilities, Weirdness & Mutations

You reflexively headbutt those who attack you in melee.
You have a pair of horns on your head.


Message History

The ogre hits you with a giant club!! The ogre closely misses you.
You furiously retaliate!
You headbutt the ogre. The ogre hits you with a giant club!
* * * LOW HITPOINT WARNING * * *
The ogre hits you with a giant club!
* * * LOW HITPOINT WARNING * * *
It was a potion of brilliance.
You feel clever all of a sudden. You block the ogre's attack.
It was a potion of resistance.
You feel protected. The ogre completely misses you.
As you read the scroll labeled JYOLUNE ROE, it crumbles to dust.
It is a scroll of enchant weapon.
Enchant which weapon? (? for menu, Esc to quit)
Your +0 war axe glows red for a moment.
The ogre closely misses you.
As you read the scroll labeled OTAEKEJEGA, it crumbles to dust.
You feel forgetful for a moment.
It was a scroll of amnesia.
The ogre hits you with a giant club!
You die...

.####..
............##.......##.
.#
#...................##.
.#
#...................##.
.#
#...................##[
.####.#
#...................##[
......#
#............#########.
..##### #.............#
#. #.## #.............#
#. #..# #.....@(......#
#. ##.# #....O........#
#. #.# #.............# #.
#.## #.............# #.
#..# #.............# #.
##.#######......######...
#. #..........##### ###
#. #..........# #.
#........[.# ##


You could see an ogre.

Vanquished Creatures
  Edmund (D:4)
  An ogre (D:3)
  The ghost of Ohli the Chopper, an amateur MiGl (D:4)
  A scorpion (D:4)
  A jelly (D:4)
  A hound (D:4)
  A worker ant (D:4)
  An orc priest (D:4)
  2 iguanas (D:4)
  4 adders
  An ooze (D:3)
  A worm (D:2)
  4 orcs
  2 ball pythons
  3 giant cockroaches
  6 goblins
  12 hobgoblins
  5 jackals
  A quokka (D:4)
  4 bats
  A giant gecko (D:1)
  4 giant newts
  5 kobolds
  7 rats
70 creatures vanquished.

Notes
Turn   | Place    | Note
--------------------------------------------------------------
     0 | D:1      | Ohli the Minotaur Fighter began the quest for the Orb.
     0 | D:1      | Reached XP level 1. HP: 19/19 MP: 0/0
    36 | D:1      | Found a snail-covered altar of Cheibriados.
   121 | D:1      | Reached skill level 4 in Armour
   159 | D:1      | Reached XP level 2. HP: 24/27 MP: 1/1
   724 | D:2      | Reached XP level 3. HP: 33/33 MP: 2/2
   995 | D:2      | Found a shadowy altar of Dithmenos.
  1008 | D:2      | Became a worshipper of Dithmenos the Shadowed
  1434 | D:3      | Reached XP level 4. HP: 38/41 MP: 3/3
  1580 | D:3      | Noticed an ogre
  1591 | D:3      | Killed an ogre
  1591 | D:3      | Reached skill level 5 in Armour
  1591 | D:3      | Reached XP level 5. HP: 25/47 MP: 4/4
  2106 | D:3      | Reached skill level 5 in Shields
  2173 | D:4      | Noticed Edmund
  2211 | D:4      | Killed Edmund
  2211 | D:4      | Reached skill level 1 in Dodging
  2211 | D:4      | Reached XP level 6. HP: 26/55 MP: 5/5
  2482 | D:4      | Reached skill level 5 in Fighting
  2800 | D:4      | Noticed Ohli's ghost (amateur MiGl)
  2815 | D:4      | Killed Ohli's ghost
  2815 | D:4      | Reached skill level 6 in Armour
  3045 | D:4      | Reached XP level 7. HP: 54/61 MP: 6/6
  3046 | D:4      | Reached * piety under Dithmenos
  3276 | D:4      | Reached skill level 1 in Stealth
  3418 | D:4      | HP: 1/61 [ogre/giant club (16)]
  3422 | D:4      | Mangled by an ogre

Vault maps used:
D:1:      nicolae_arrival_somewhat_less_tricky_arrival, cheibriados_altar_1
D:2:      lemuel_crystal_altar
D:4:      first_bread, uniq_edmund

Action                   |  1- 3 |  4- 6 |  7- 9 || total
-------------------------+-------+-------+-------++-------
Melee: War axe           |    85 |    86 |    18 ||   189
 Abil: Evoke Berserk Rag |       |     1 |     1 ||     2
  Use: Scroll            |       |     2 |     2 ||     4
       Potion            |       |     2 |     2 ||     4
  Eat: Meat ration       |     1 |       |       ||     1
       Bread ration      |       |     1 |       ||     1
